 Dungeon Crawl Stone Soup version 0.27-a0-909-g0721f30 (webtiles) character file.

Game seed: 6836611616344906649

10775 Nithhogg the Fighter (level 11, 0/90 HPs)
             Began as a Demonspawn Fighter on Apr 8, 2021.
             Was a Believer of Makhleb.
             Slain by a white ugly thing (26 damage)
             ... on level 11 of the Dungeon.
             The game lasted 00:19:46 (9804 turns).

Nithhogg the Fighter (Demonspawn Fighter)           Turns: 9804, Time: 00:19:47

Health: 0/90       AC: 16    Str: 19    XL:     11   Next: 40%
Magic:  11/11      EV:  5    Int: 10    God:    Makhleb [**....]
Gold:   357        SH: 16    Dex: 13    Spells: 10/10 levels left

rFire    + . .     SeeInvis .   n - +1 long sword (drain)
rCold    . . .     Faith    .   c - +1 kite shield
rNeg     . . .     Spirit   .   j - +0 plate armour
rPois    .         Reflect  .   r - +1 helmet
rElec    .         Harm     .   m - scarf {+Inv}
rCorr    .         Rampage  .   (no gloves)
Will     +....                  (no boots)
Stlth    ..........             h - amulet of regeneration
HPRegen  1.25/turn              e - ring of willpower
MPRegen  0.12/turn              z - ring of protection from fire

@: mighty
A: hooves 1, large bone plates 1, demonic guardian 2, powered by death 1
a: Renounce Religion, Evoke Invisibility, Minor Destruction


You were on level 11 of the Dungeon.
You worshipped Makhleb.
Makhleb was pleased with you.
You visited 2 branches of the dungeon, and saw 12 of its levels.
You also visited: Sewer.

You collected 357 gold pieces.

Inventory:

Hand Weapons
 a - a +0 long sword
 n - a +1 long sword of draining (weapon)
 p - a +2 antimagic dagger
 q - a +2 dagger of speed
Missiles
 C - 3 atropa-tipped darts (quivered)
Armour
 c - a +1 kite shield (worn)
 d - the +2 robe of Tortured Lucidity {rF+ Int+3}
   (You found it on level 5 of the Dungeon)

   It affects your intelligence (+3).
   It protects you from fire.
 j - a +0 plate armour (worn)
 m - a scarf of invisibility (worn)
 r - a +1 helmet (worn)
 t - +0 swamp dragon scales
 w - the +3 robe of Clouds {+Thunder rCloud rElec}
   (You took it off a centaur warrior on level 9 of the Dungeon)

   It insulates you from electricity.
Jewellery
 e - a ring of willpower (left hand)
 f - a ring of resist corrosion
 h - an amulet of regeneration (around neck)
 k - a ring of fire
 x - a ring of poison resistance
 z - a ring of protection from fire (right hand)
 E - a +6 ring of intelligence
 J - a ring of ice
Wands
 D - a wand of acid (7)
Scrolls
 g - 3 scrolls of vulnerability
 l - 9 scrolls of teleportation
 y - 3 scrolls of magic mapping
 A - 2 scrolls of blinking
 F - a scroll of identify
Potions
 i - a potion of invisibility
 o - a potion of brilliance {unknown}
 s - 2 potions of mutation {unknown}
 u - 3 potions of magic {unknown}
 v - 2 potions of resistance {unknown}
 G - 2 potions of berserk rage {unknown}
 H - a potion of lignification {unknown}
 I - a potion of degeneration {unknown}
Miscellaneous
 K - a phial of floods


   Skills:
 + Level 9.6 Fighting
 + Level 8.6 Long Blades
 + Level 8.9 Armour
 + Level 8.9 Shields


You had 10 spell levels left.
You didn't know any spells.
Your spell library contained the following spells:

 Spells                   Type           Power      Damage    Failure   Level
 Corona                   Hex            0%         N/A       100%        1
 Freeze                   Ice            0%         1d3       100%        1
 Magic Dart               Conj           0%         1d3       100%        1
 Blink                    Tloc           N/A        N/A       100%        2
 Call Imp                 Summ           0%         N/A       100%        2
 Slow                     Hex            0%         N/A       100%        2
 Conjure Flame            Conj/Fire      0%         6-21      100%        3
 Frozen Ramparts          Ice            0%         1d2       100%        3
 Inner Flame              Hex/Fire       0%         N/A       100%        3
 Mephitic Cloud           Conj/Pois/Air  0%         N/A       100%        3
 Ozocubu's Armour         Ice            0%         N/A       100%        3
 Portal Projectile        Hex/Tloc       0%         N/A       100%        3
 Cause Fear               Hex            0%         N/A       100%        4
 Hailstorm                Conj/Ice       0%         3d3       100%        4
 Leda's Liquefaction      Hex/Erth       0%         N/A       100%        4
 Summon Ice Beast         Ice/Summ       0%         N/A       100%        4


Dungeon Overview and Level Annotations

Branches:
Dungeon (11/15)            Temple (1/1) D:5            Lair (0/6) D:9
  Sewer (visited)
    Orc: D:9-12

Altars:
Ashenzari
Cheibriados
Dithmenos
Elyvilon
Fedhas
Gozag
Hepliaklqana
Kikubaaqudgha
Makhleb
Nemelex Xobeh
Okawaru
Qazlal
Ru
Sif Muna
Trog
Uskayaw
Vehumet
Wu Jian
Xom
Yredelemnul
Zin
The Shining One

Shops:
D:1 [!:=:   D:6 [=:*

Annotations:
D:6 shops w ring of slaying south


Innate Abilities, Weirdness & Mutations

You have large cloven feet.
You are partially covered in large bone plates. (SH +4)
A demonic guardian rushes to your aid.
You regenerate a little health from kills.


Message History

You block the white ugly thing's attack.
You hit the white ugly thing but do no damage.
You kick the white ugly thing, but do no damage.
The white ugly thing is lightly wounded.
You block the white ugly thing's attack.
You hit the white ugly thing. You drain the white ugly thing.
You kick the white ugly thing, but do no damage.
The white ugly thing is moderately wounded.
The white ugly thing gores you. The white ugly thing freezes you!
You slash the white ugly thing!
The white ugly thing is heavily wounded.
The white ugly thing gores you. The white ugly thing freezes you!!
You hit the white ugly thing but do no damage.
The white ugly thing is heavily wounded.
The white ugly thing gores you! The white ugly thing freezes you!!
* * * LOW HITPOINT WARNING * * *
You block the white ugly thing's attack.
You are too injured to fight recklessly!
You are too injured to fight recklessly!
You are too injured to fight recklessly!
You are too injured to fight recklessly!
You are too injured to fight recklessly!
You feel better.
You block the white ugly thing's attack.
You block the white ugly thing's attack.
There is a stone staircase leading up here.
You feel very mighty all of a sudden.
The white ugly thing gores you but does no damage.
You slash the white ugly thing! You kick the white ugly thing.
The white ugly thing is heavily wounded.
You block the white ugly thing's attack.
You slash the white ugly thing! You drain the white ugly thing.
The white ugly thing is severely wounded.
The white ugly thing gores you but does no damage.
You closely miss the white ugly thing.
The white ugly thing is severely wounded.
The white ugly thing gores you!
* * * LOW HITPOINT WARNING * * *
The white ugly thing freezes you!!
You die...

#.. #..
#.# #.#
#.# #.#
#####.#
#...u@#
#.#.#...#
#...#...#
###.#.#.#
#.#.#.#
#......
#.... ..
#.... ...


You could see a white ugly thing (drained).

Vanquished Creatures
  2 centaur warriors
  2 two-headed ogres (D:10)
  2 deep elf pyromancers (D:10)
  Pikel (D:6)
  An elephant (D:9)
  An unseen horror (D:10)
  3 trolls (D:10)
  A hornet (D:10)
  Sigmund (D:4)
  A wraith (D:7)
  2 wyverns
  3 yaks
  2 water moccasins
  4 orc warriors
  2 ice beasts
  A sky beast (D:7)
  2 black bears (D:9)
  7 centaurs
  An ogre (D:6)
  Blork the orc (D:6)
  2 kobold brigands
  2 gnoll sergeants
  A scorpion (D:6)
  9 wights
  A killer bee (D:10)
  4 howler monkeys (D:8)
  3 centaur zombies
  2 hounds
  A centaur skeleton (D:5)
  7 orc priests
  4 jellies
  2 iguanas
  2 orc wizards
  A hound skeleton (D:4)
  9 gnolls
  A howler monkey skeleton (D:7)
  12 adders
  2 river rats
  A white imp (D:8)
  An adder skeleton (D:4)
  3 dart slugs
  13 orcs
  10 ball pythons
  4 endoplasms
  4 giant cockroaches
  6 hobgoblins
  2 jackals (D:3)
  13 kobolds
  5 quokkas
  2 bats (D:1)
  11 frilled lizards
  8 goblins
  A quokka skeleton (D:4)
  15 rats
204 creatures vanquished.

Vanquished Creatures (collateral kills)
  A boulder beetle (D:10)
  Maggie (D:7)
  A wyvern (D:6)
  2 black bears (D:4)
  A howler monkey (D:8)
  An orc wizard (D:6)
  Robin (D:4)
  3 orcs
  2 goblins
  3 hobgoblins
  A bat (D:3)
  A frilled lizard (D:1)
18 creatures vanquished.

Grand Total: 222 creatures vanquished

Notes
Turn   | Place    | Note
-------+----------+-------------------------------------------
     0 | D:1      | Nithhogg the Demonspawn Fighter began the quest for the
                  | Orb.
     0 | D:1      | Reached XP level 1. HP: 18/18 MP: 1/1
   206 | D:1      | Found Doff's Book Emporium.
   462 | D:1      | Gained mutation: A weak demonic guardian rushes to your
                  | aid. [demonic ancestry]
   462 | D:1      | Reached XP level 2. HP: 19/24 MP: 2/2
   536 | D:1      | Found Wuekleiph's Book Shop.
   561 | D:1      | Found Talucw's Jewellery Emporium.
   628 | D:1      | Found Jewk's Distillery.
   640 | D:1      | Found Hareus's Antique Armour Boutique.
  1176 | D:2      | Reached XP level 3. HP: 29/29 MP: 3/3
  1312 | D:2      | Found a faded altar of an unknown god.
  1561 | D:2      | Reached XP level 4. HP: 35/35 MP: 4/4
  2244 | D:4      | Gained mutation: You have large cloven feet. [demonic
                  | ancestry]
  2244 | D:4      | Reached XP level 5. HP: 42/42 MP: 5/5
  2284 | D:4      | Noticed Robin
  2290 | D:4      | Noticed a black bear
  2301 | D:4      | Killed a black bear
  2302 | D:4      | Reached skill level 4 in Fighting
  2305 | D:4      | Killed Robin
  2460 | D:4      | Reached XP level 6. HP: 45/48 MP: 6/6
  2629 | D:4      | Noticed Sigmund
  2661 | D:4      | Killed Sigmund
  2706 | D:4      | Found a stormy altar of Qazlal.
  3140 | D:4      | Reached XP level 7. HP: 55/55 MP: 7/7
  3250 | D:5      | Entered Level 5 of the Dungeon
  3258 | D:5      | You fall into a shaft and drop 3 floors!
  3343 | D:7      | Reached skill level 5 in Fighting
  3348 | D:7      | Noticed a wraith
  3353 | D:6      | Found Foim Elown's Armour Shoppe.
  3435 | D:5      | Found a staircase to the Ecumenical Temple.
  3476 | D:5      | Identified the +2 robe of Tortured Lucidity {rF+ Int+3}
  3565 | D:5      | Found a glowing drain.
  3575 | Sewer    | Entered a sewer
  3959 | D:5      | Found a broken altar of Ashenzari.
  4069 | D:5      | Reached skill level 5 in Armour
  4069 | D:5      | Reached skill level 5 in Shields
  4084 | D:5      | Gained mutation: You are partially covered in large bone
                  | plates. (SH +4) [demonic ancestry]
  4084 | D:5      | Reached XP level 8. HP: 63/63 MP: 8/8
  4254 | Temple   | Entered the Ecumenical Temple
  4471 | Temple   | Became a worshipper of Makhleb the Destroyer
  4507 | D:6      | Found a bloodstained altar of Trog.
  4511 | D:6      | Noticed Blork the orc
  4516 | D:6      | Noticed Pikel
  4521 | D:6      | Killed Blork the orc
  4529 | D:6      | Killed Pikel
  4530 | D:6      | Reached skill level 6 in Fighting
  4530 | D:6      | Reached skill level 5 in Long Blades
  4584 | D:6      | Found Xeiczoes's Book Shop.
  4900 | D:6      | Reached XP level 9. HP: 44/71 MP: 9/9
  4986 | D:6      | Found a snail-covered altar of Cheibriados.
  5041 | D:6      | Found Pumoun's Jewellery Shop.
  5519 | D:6      | Found Yxuex's General Store.
  5742 | D:7      | Noticed Maggie
  5781 | D:7      | Killed Maggie
  5782 | D:7      | Reached skill level 7 in Fighting
  6732 | D:8      | Reached * piety under Makhleb
  7654 | D:9      | Gained mutation: You regenerate a little health from kills.
                  | [demonic ancestry]
  7654 | D:9      | Reached XP level 10. HP: 50/80 MP: 10/10
  7732 | D:9      | Found a staircase to the Lair.
  7732 | D:9      | Noticed an elephant
  7745 | D:9      | Killed an elephant
  7746 | D:9      | Reached skill level 8 in Fighting
  7834 | D:9      | Found a radiant altar of Vehumet.
  8332 | D:10     | Entered Level 10 of the Dungeon
  8364 | D:10     | Noticed a two-headed ogre
  8386 | D:10     | Killed a two-headed ogre
  8461 | D:10     | Noticed a centaur warrior
  8461 | D:10     | Noticed a deep elf pyromancer
  8466 | D:10     | Noticed a boulder beetle
  8470 | D:10     | Killed a centaur warrior
  8481 | D:10     | Identified the +4 shortbow "Ureipiuw" {flame, +Inv Str+4}
  8481 | D:10     | Noticed a centaur warrior
  8573 | D:9      | Killed a centaur warrior
  8574 | D:9      | Reached skill level 9 in Fighting
  8624 | D:10     | Gained mutation: A demonic guardian rushes to your aid.
                  | [demonic ancestry]
  8624 | D:10     | Reached XP level 11. HP: 66/89 MP: 11/11
  8633 | D:10     | Killed a boulder beetle
  8648 | D:10     | Reached ** piety under Makhleb
  8819 | D:10     | Noticed a deep elf pyromancer
  8879 | D:10     | Killed a deep elf pyromancer
  9144 | D:10     | Noticed a two-headed ogre
  9155 | D:10     | Killed a two-headed ogre
  9676 | D:10     | Killed a deep elf pyromancer
  9788 | D:11     | Noticed a white ugly thing
  9804 | D:11     | Slain by a white ugly thing

Illustrated notes

Levels and vault maps discovered:
D:1:      minmay_arrival_arboretum_small, layout_basic, serial_shops,
          nicolae_shop_stone, shop, shop, shop, shop, st_stairs_4
D:2:      layout_rooms, basic_ecumenical_altar, chequers_serial_rivers_small_b
D:3:      layout_basic, st_stairs_13
D:4:      cheibrodos_old_hovel, layout_loops_corners,
          nicolae_qazlal_eye_of_the_storm, uniq_robin, uniq_sigmund
D:5:      layout_cave_pools, cheibrodos_ashenzari_chains,
          minmay_temple_entry_junction_2, gup_sewer_entry_bubbles
D:6:      layout_loops_corners, trog_three_pillars_becter, lemuel_doored_altar,
          serial_shops, shop, shop, nicolae_shop_waterfront, nicolae_shop_trees,
          uniq_blork_the_orc, uniq_pikel
D:7:      layout_loops_ring, uniq_maggie
D:8:      layout_basic
D:9:      layout_long_grid, grunt_temple_overflow_open, david_lair_generic,
          dk_rats_in_the_wall
D:10:     minmay_the_grid_octo_triangle [minmay_the_grid_octo_fat_diamond,
          minmay_the_grid_octo_prize_ultimate_mussel_roller,
          minmay_the_grid_octo_fan_narrow], layout_stronghold
D:11:     layout_basic, uniq_sonja
Temple:   eino_temple_rhombus

Skill      XL: |  1  2  3  4  5  6  7  8  9 10 |
---------------+-------------------------------+-----
Long Blades    | 2 3 4 5 6 8 |  8.6
Armour         | 3 4 5 6 7 8 |  8.9
Shields        | 3 4 5 6 7 8 |  8.9
Fighting       | 4 5 6 7 9 |  9.6

Action                   |  1- 3 |  4- 6 |  7- 9 | 10-12 || total
-------------------------+-------+-------+-------+-------++-------
Melee: Long sword        |    97 |    94 |   172 |   256 ||   619
       Dagger            |       |    89 |   432 |    13 ||   534
       Kick              |       |    35 |   222 |   106 ||   363
 Abil: Evoke Invisibilit |       |       |       |     1 ||     1
  Use: Scroll            |       |     3 |     7 |     4 ||    14
       Potion            |       |       |     4 |    11 ||    15
 Stab: Distracted        |       |     1 |       |       ||     1
Armor: Scale mail        |    46 |       |       |       ||    46
       Plate armour      |    35 |   164 |   257 |   237 ||   693
Dodge: Dodged            |    21 |    23 |    60 |    68 ||   172
Block: Kite shield       |    64 |    90 |   344 |   329 ||   827
       Rpst.: Long sword |     6 |     5 |     8 |    17 ||    36

Table legend: (Time is in decaauts)
 A = Elapsed time spent in this place.
 B = Non-inter-level travel time spent in this place.
 C = Inter-level travel time spent in this place.
 D = Time resting spent in this place.
 E = Time spent auto-exploring this place.
 F = Levels seen in this place.
 G = Mean time per level.
                   A        B        C        D        E       F      G
               +--------+--------+--------+--------+--------+-----+--------+
         Total |   9960 |   9585 |    375 |    361 |   6791 |  13 |  766.2 |
       Dungeon |   9400 |   9062 |    338 |    361 |   6350 |  11 |  854.5 |
        Temple |    227 |    190 |     37 |      0 |    189 |   1 |  227.0 |
         Sewer |    332 |    332 |      0 |      0 |    252 |   1 |  332.0 |
               +--------+--------+--------+--------+--------+-----+--------+

Top non-repeatable levels by time:
    D:10: 1337 daAuts
     D:6: 1248 daAuts
     D:1: 1113 daAuts
     D:4: 1011 daAuts
     D:8: 989 daAuts
     D:9: 961 daAuts
     D:7: 938 daAuts
     D:3: 692 daAuts
     D:5: 573 daAuts
     D:2: 518 daAuts
   Sewer: 332 daAuts
  Temple: 227 daAuts
    D:11: 16 daAuts
